 Dungeon Crawl Stone Soup version 0.20-a0-46-g4a4b873 (webtiles) character file.

41 mrath the Chopper (level 3, 0/33 HPs)
             Began as a Minotaur Fighter on Nov 14, 2016.
             Succumbed to an adder's poison
             ... on level 3 of the Dungeon.
             The game lasted 00:05:13 (1371 turns).

mrath the Chopper (Minotaur Fighter)                Turns: 1371, Time: 00:05:13

Health: 0/33       AC:  9    Str: 21    XL:     3   Next: 32%
Magic:  2/2        EV:  5    Int:  5    God:
Gold:   59         SH:  9    Dex:  9    Spells: 0 memorised, 2 levels left

rFire  . . .     SeeInvis .     x - +0 morningstar
rCold  . . .     Gourm    .     k - +0 chain mail
rNeg   . . .     Faith    .     c - +0 shield
rPois  .         Spirit   .     (helmet restricted)
rElec  .         Reflect  .     (no cloak)
rCorr  .         Harm     .     (no gloves)
MR     .....                    (no boots)
Stlth  ..........               (no amulet)
                                (no ring)
                                (no ring)

@: lethally poisoned (0 -> -4)
A: retaliatory headbutt, horns 2
a: no special abilities


You were on level 3 of the Dungeon.
You were hungry.

You visited 1 branch of the dungeon, and saw 3 of its levels.

You collected 59 gold pieces.

Inventory:

Hand Weapons
 a - a +0 war axe
 t - a +1 hunting sling of flaming
 x - a +0 morningstar (weapon)
Missiles
 i - 80 stones (quivered)
Armour
 b - a +0 scale mail
 c - a +0 shield (worn)
 k - a +0 chain mail (worn)
Jewellery
 g - a cursed ring of loudness {unknown}
 u - a cursed -2 ring of intelligence {unknown}
Scrolls
 l - a scroll of immolation {unknown}
 m - a scroll of random uselessness {unknown}
 n - 2 scrolls of magic mapping {unknown}
 o - a scroll of fog {unknown}
 p - a scroll of remove curse {unknown}
 r - 3 scrolls of identify {unknown}
Potions
 d - 4 potions of might
 e - a potion of invisibility {unknown}
 q - a potion of haste {unknown}
 s - 3 potions of heal wounds {unknown}
 v - 2 potions of cancellation {unknown}
Books
 w - a book of Misfortune

   Spells                             Type                      Level
   a - Confusing Touch                Hexes                        1
   b - Confuse                        Hexes                        3
   c - Gell's Gravitas                Hexes/Translocation          3
   d - Petrify                        Transmutation/Earth          4
   e - Metabolic Englaciation         Hexes/Ice                    5
   f - Yara's Violent Unravelling     Hexes/Transmutation          5
Comestibles
 f - 2 bread rations
 h - 6 chunks of flesh
 j - 2 beef jerkies


   Skills:
 - Level 3.7 Fighting
 - Level 4.0(4.1) Axes
 * Level 1.2(2.8) Maces & Flails
 - Level 3.7 Armour
 - Level 3.7 Shields


You had 2 spell levels left.
You didn't know any spells.

Dungeon Overview and Level Annotations

Branches:
Dungeon (3/15)

Altars:
Xom


Innate Abilities, Weirdness & Mutations

You reflexively headbutt those who attack you in melee.
You have a pair of horns on your head.


Message History

You block the adder's attack.
The iguana bites you but does no damage.
The adder bites you but does no damage.
You closely miss the adder.
The adder is severely wounded.
The adder bites you.
You are poisoned.
The adder poisons you! The iguana bites you. The iguana bites you!
* * * LOW HITPOINT WARNING * * *
The adder completely misses you.
You miss the adder.
The adder is heavily wounded.
* * * LOW HITPOINT WARNING * * *
You feel sick. You block the adder's attack. The iguana bites you.
* * * LOW HITPOINT WARNING * * *
The adder bites you but does no damage.
You puncture the adder!
You kill the adder!
Your base Maces & Flails skill increases to level 1!
You die...

... .. . ##.####
...##.....######
.....%..#.......
...##.....#
######## ##.#S##
#....... ...#†#
#)###### #####@#
#.# #l# ####.#
#.# #....# #.#
#.#########
.######.######.#
#....
.....>......##<#
#.###
#######.###.##.#
#.# #>.......#
#.#
#####.########.#


You could see an iguana and an adder.

Vanquished Creatures
  An adder (D:3)
  3 orcs (D:3)
  A bat (D:1)
  A giant cockroach (D:1)
  3 goblins
  3 hobgoblins
  3 jackals (D:1)
  6 frilled lizards
  5 kobolds
  3 rats
29 creatures vanquished.

Notes
Turn   | Place    | Note
-------+----------+-------------------------------------------
     0 | D:1      | mrath the Minotaur Fighter began the quest for the Orb.
     0 | D:1      | Reached XP level 1. HP: 19/19 MP: 0/0
   317 | D:1      | Reached skill level 3 in Axes
   317 | D:1      | Reached XP level 2. HP: 17/27 MP: 1/1
   810 | D:2      | Found a shimmering altar of Xom.
  1270 | D:3      | Reached skill level 4 in Axes
  1270 | D:3      | Reached XP level 3. HP: 32/33 MP: 2/2
  1370 | D:3      | HP: 1/33 [iguana (2)]
  1371 | D:3      | Reached skill level 1 in Maces & Flails
  1371 | D:3      | Succumbed to an adder's poison

Vault maps used:
D:1:      lordsloth_arrival_two_stooges
D:2:      first_bread, corexii_corridor_pit, brannock_xom_greatest_gift
D:3:      old_standard_altar, serial_glass, glass_columns_b, glass_columns_a,
          nicolae_ru_great_annihilating_truth

Skill      XL: |  1  2  3 |
---------------+----------+-----
Axes           | 3 4 |  4.0
Maces & Flails | 1 |  1.2
Fighting       | |  3.7
Armour         | |  3.7
Shields        | |  3.7

Action                   || total
-------------------------++-------
Melee: War axe           ||    80
       Headbutt          ||     9
       Morningstar       ||    22
  Eat: Chunk             ||     1
Armor: Chain mail        ||    59
       Scale mail        ||     3
Dodge: Dodged            ||    30
Block: Shield            ||    58
